 Dungeon Crawl Stone Soup version 0.28-a0-691-gad6df49e81 (webtiles) character file.

Game seed: 3326014969150504868

46 ytrimaz the Ducker (level 3, -2/26 HPs)
             Began as an Octopode Fighter on Oct 20, 2021.
             Slain by a kobold (4 damage)
             ... on level 2 of the Dungeon.
             The game lasted 00:02:24 (1272 turns).

ytrimaz the Ducker (Octopode Fighter)               Turns: 1272, Time: 00:02:25

Health: -2/26      AC:  1    Str: 15    XL:     3   Next: 66%
Magic:  3/3        EV: 14    Int: 10    God:
Gold:   84         SH:  4    Dex: 12    Spells: 2/2 levels left

rFire   . . .      SeeInvis .   a - +0 long sword
rCold   . . .      Faith    .   b - +0 buckler
rNeg    . . .      Spirit   .   (helmet restricted)
rPois   .          Reflect  .   (no amulet)
rElec   .          Harm     .   (no ring)
rCorr   .          Rampage  .   (no ring)
Will    .....                   (no ring)
Stlth   ++........              (no ring)
HPRegen 0.08/turn               (no ring)
MPRegen 0.08/turn               (no ring)
                                (no ring)
                                (no ring)

@: no status effects
A: almost no armour, amphibious, 8 rings, camouflage 1, gelatinous body 1,
(nimble swimmer 1), tentacles
a: no special abilities


You were on level 2 of the Dungeon.
You visited 1 branch of the dungeon, and saw 2 of its levels.

You collected 84 gold pieces.

Inventory:

Hand Weapons
 a - a +0 long sword (weapon)
Armour
 b - a +0 buckler (worn)
Scrolls
 d - 4 scrolls of teleportation
 g - 2 scrolls of amnesia
Potions
 c - a potion of might
 e - a potion of lignification {unknown}
 f - a potion of brilliance {unknown}
 h - a potion of mutation {unknown}


   Skills:
 - Level 3.0 Fighting
 - Level 2.0 Long Blades
 * Level 3.8 Dodging
 * Level 3.8 Shields


You had 2 spell levels left.
You didn't know any spells.
Your spell library contained the following spells:

 Spells                   Type           Power      Damage    Failure   Level
 Animate Skeleton         Necr           0%         N/A       36%         1
 Apportation              Tloc           0%         N/A       36%         1
 Summon Small Mammal      Summ           0%         N/A       36%         1


Dungeon Overview and Level Annotations

Branches:
Dungeon (2/15)

Altars:


Innate Abilities, Weirdness & Mutations

You cannot wear most types of armour.
You are amphibious.
You can wear up to eight rings at the same time.
Your skin changes colour to match your surroundings (Stealth+).
Your rubbery body absorbs attacks. (AC +1, EV +1)
((You are camouflaged near water. (Stealth+)))
You have tentacles for arms and can constrict up to eight enemies at once.


Message History

The frilled lizard bites you. The ball python misses you.
The ball python barely misses you. The frilled lizard bites you.
You hit the ball python.
You kill the ball python!
You block the frilled lizard's attack.
The kobold throws a stone.
You block the stone.
Unknown command.
You block the adder's attack. The adder barely misses you.
There is an open door here.
The adder misses you.
You barely miss the adder. You grab the adder. You constrict the adder.
The adder bites you.
You barely miss the adder.
You squeeze the adder, but do no damage.
The adder is moderately wounded.
You constrict the adder. The adder bites you. x2
You are poisoned.
The adder poisons you!
You barely miss the adder.
The adder is heavily wounded.
You constrict the adder.
You feel very sick. The adder misses you. The adder closely misses you.
You hit the adder.
You kill the adder!
You feel sick.
You miss the frilled lizard. Your grab misses the frilled lizard.
You feel sick. The frilled lizard barely misses you.
The frilled lizard bites you.
You barely miss the frilled lizard. Your grab misses the frilled lizard.
You squeeze the frilled lizard.
You kill the frilled lizard!
You feel sick.
You closely miss the kobold. You grab the kobold. You constrict the kobold.
You feel sick.
You are no longer poisoned.
The kobold hits you with a +0 whip.
* * * LOW HITPOINT WARNING * * *
The kobold hits you with a +0 whip.
You die...

.....#................#
#....#................#
#....#>...............#
.....#................#
#....#.............>..+
#....#................#
.....#................#
........####..........#
........# #.^..@####+#
........# #.###K# .
........# #. #.# ...
..#+########+###'##.....
#.. #............... ..#
......†.....#### .##
............+
............#
............#


You could see a kobold.

Vanquished Creatures
  An adder (D:2)
  4 endoplasms (D:1)
  4 giant cockroaches
  4 goblins (D:1)
  2 jackals (D:1)
  A quokka (D:1)
  4 ball pythons
  6 bats
  3 frilled lizards
  A kobold (D:1)
  5 rats (D:1)
35 creatures vanquished.

Notes
Turn   | Place    | Note
-------+----------+-------------------------------------------
     0 | D:1      | ytrimaz the Octopode Fighter began the quest for the Orb.
     0 | D:1      | Reached XP level 1. HP: 16/16 MP: 1/1
   377 | D:1      | Reached XP level 2. HP: 21/21 MP: 2/2
   837 | D:1      | Reached XP level 3. HP: 26/26 MP: 3/3
  1198 | D:2      | Found a faded altar of an unknown god.
  1272 | D:2      | Slain by a kobold

Illustrated notes

Levels and vault maps discovered:
D:1:      minmay_arrival_diagonal_passages, layout_basic, roderic_lattice_a
D:2:      layout_basic, basic_altar, ebering_ecumenical_altar_hall, uniq_natasha

Action                   || total
-------------------------++-------
Melee: Long sword        ||    53
       Tentacles         ||    11
       Constrict         ||     9
  Use: Scroll            ||     2
 Stab: Sleeping          ||     7
Armor: Skin              ||     6
Dodge: Dodged            ||    39
Block: Buckler           ||    10

Table legend: (Time is in decaauts)
 A = Elapsed time spent in this place.
 B = Non-inter-level travel time spent in this place.
 C = Inter-level travel time spent in this place.
 D = Time resting spent in this place.
 E = Time spent auto-exploring this place.
 F = Levels seen in this place.
 G = Mean time per level.
                   A        B        C        D        E       F      G
               +--------+--------+--------+--------+--------+-----+--------+
         Total |   1288 |   1274 |     14 |      0 |    964 |   2 |  644.0 |
       Dungeon |   1288 |   1274 |     14 |      0 |    964 |   2 |  644.0 |
               +--------+--------+--------+--------+--------+-----+--------+

Top non-repeatable levels by time:
     D:1: 1179 daAuts
     D:2: 108 daAuts
